Cogmind - Beta 15 @@@ ROGUE MODE // 2025.06.25 @ 15:26:54 Player: Jellyman Result: Self-destructed Performance ------------- Evolutions (1) 500 Regions Visited (2) 400 Robots Destroyed (42) 210 Value Destroyed (678) 678 Prototype IDs (3) 60 Alien Tech Used (0) 0 Bonus (0) 0 TOTAL SCORE: 1848 Bonus ------- None Cogmind --------- Core Integrity 301/400 Matter 126/300 Energy 265/265 System Corruption 3% Temperature Danger (443) Movement Flying (169) Ox2 Location -9/Materials Parts ------- > --- POWER (1) -------- Improved Ion Engine > --- PROPULSION (3) --- Improved VTOL Module Improved VTOL Module Improved VTOL Module > --- UTILITY (3) ------ Large Storage Unit Seismic Detector Improved Light Armor Plating > --- WEAPON (2) ------- Advanced Beam Cannon Heavy Assault Rifle > --- INVENTORY (15) --- Compact Wheel Improved Flight Unit Heat Sink Large Storage Unit Large Matter Pod (0) Seismic Detector Advanced Targeting Computer Improved Light Armor Plating Hacking Suite Advanced Beam Cannon Heavy Assault Rifle Heavy Assault Rifle Heavy Assault Rifle Rocket Launcher Peak State ------------ > --- POWER ------------ Improved Ion Engine > --- PROPULSION ------- Improved VTOL Module Improved VTOL Module Improved VTOL Module > --- UTILITY ---------- Large Storage Unit Seismic Detector Improved Light Armor Plating > --- WEAPON ----------- Advanced Beam Cannon Heavy Assault Rifle > --- INVENTORY -------- Improved Ion Engine Compact Wheel Improved Flight Unit Heat Sink Large Storage Unit Large Matter Pod Seismic Detector Advanced Targeting Computer Improved Light Armor Plating Hacking Suite Advanced Beam Cannon Heavy Assault Rifle Heavy Assault Rifle Heavy Assault Rifle Rocket Launcher [Rating: 27] Favorites ----------- Power Ion Engine Engine Ion Engine Propulsion Aluminum Leg Leg Aluminum Leg Wheel Compact Wheel Flight Unit Improved VTOL Module Utility Large Matter Pod Device Heat Sink Storage Large Matter Pod Processor Improved Signal Interpreter Protection Medium Armor Plating Weapon Heavy Assault Rifle Energy Gun Small Laser Energy Cannon Advanced Beam Cannon Ballistic Gun Heavy Assault Rifle Launcher Grenade Launcher Build | -11 -10 -9 ------- Run | Yrd Mat Mat Slots Evolved 2 | . . 2 Power . | . . . Propulsion 1 | . . 1 Utility 1 | . . 1 Weapon . | . . . Parts Attached 30 | 7 7 16 Power 3 | 1 . 2 Engine 3 | 1 . 2 Core . | . . . Reactor . | . . . Propulsion 10 | 3 1 6 Treads . | . . . Leg 4 | 2 1 1 Wheel 2 | 1 . 1 Hover . | . . . Flight 4 | . . 4 Utility 9 | 1 1 7 Device 2 | . . 2 Storage 4 | 1 1 2 Processor 1 | . . 1 Hackware . | . . . Protection 2 | . . 2 Artifact . | . . . Weapon 8 | 2 5 1 Energy Gun 2 | 2 . . Energy Cannon 2 | . 2 . Ballistic Gun 3 | . 2 1 Ballistic Cannon . | . . . Launcher 1 | . 1 . Special Weapon . | . . . Impact Weapon . | . . . Slashing Weapon . | . . . Piercing Weapon . | . . . Special Melee Weapon . | . . . Unidentified Prototypes 3 | . 1 2 Parts Lost . | . . . Power . | . . . Propulsion . | . . . Utility . | . . . Weapon . | . . . Highest Loss Streak . | . . . To Critical Strikes . | . . . Average Backups 8 | 3 7 9 Power . | . 1 1 Propulsion 1 | 2 2 1 Utility 1 | . . 2 Weapon 3 | . 3 4 Tool/Special . | . . . Unused Backups 12 | . 3 9 Power 1 | . . 1 Propulsion 3 | . 2 1 Utility 5 | . . 5 Weapon 3 | . 1 2 Tool/Special . | . . . Average Slot Usage (%) 94 | . 95 94 Engine 12 | . 14 11 Leg 21 | . 28 18 Wheel 3 | . . 4 Flight 3 | . . 5 Device 2 | . . 3 Storage 19 | . 23 17 Protection 6 | . . 10 Energy Gun 1 | . 3 . Energy Cannon 10 | . 7 12 Ballistic Gun 11 | . 15 9 Launcher 1 | . 2 . Peak Build Rating 27 | 6 12 27 Average Rating 13 | 5 9 16 On Entrance 5 | . 6 11 Naked Turns . | . . . Heaviest Build 45 | 13 21 45 Greatest Support 20 | 20 20 20 Greatest Overweight (x) 3 | 1 1 3 Average Overweight (x) . | . . 1 Largest Inventory Capacity 15 | 8 8 15 Average Capacity 10 | 7 8 11 Most Carried 15 | 6 8 15 Average Carried 8 | 3 7 9 Final Capacity 15 | 8 8 15 Final Carried 14 | 6 8 14 Class Distribution -------------------- 91% | Mutant 8% | Scavenger-Mutant Dominant Class ---------------- Mutant | -10/Materials Mutant | -9/Materials Resources | -11 -10 -9 ----------- Run | Yrd Mat Mat Matter Collected 743 | 256 166 321 Remotely . | . . . Salvage Created 858 | 159 158 541 Parts 93 | 13 31 49 Haulers Intercepted . | . . . Recyclers Shooed . | . . . Parts Field Recycled . | . . . Retrieved Matter . | . . . Parts Self-Destructed . | . . . Prevented . | . . . Kills | -11 -10 -9 ------- Run | Yrd Mat Mat Combat Hostiles Destroyed 24 | . 10 14 Guns 3 | . 1 2 Cannons 10 | . 2 8 AOE 11 | . 7 4 Classes Destroyed 10 | 2 5 3 Worker 1 | . 1 . Builder 3 | . 3 . Tunneler 7 | 5 1 1 Recycler 3 | 1 . 2 Operator 2 | . 1 1 Watcher 2 | . . 2 Swarmer 15 | . 9 6 Grunt 6 | . 1 5 Duelist 1 | . . 1 Sentry 2 | . . 2 Best Kill Streak 7 | 3 7 5 Combat Bots Only 3 | . 3 3 Max Kills in Single Turn 4 | 1 4 3 Gunslinging . | . . . Exploded 3 | . 3 2 Melee . | . . . Uniques/NPCs Destroyed . | . . . Combat | -11 -10 -9 -------- Run | Yrd Mat Mat Hostile Shots Fired 81 | . 26 55 Missed 24 | . 7 17 Hits 57 | . 19 38 Melee 2 | . . 2 Projectile 55 | . 19 36 Critical Strikes 1 | . . 1 Damage Taken 725 | . 236 489 Core 143 | . 44 99 Absorbed by Shields . | . . . Core Remaining (%) 91 | 100 82 . Volleys Fired 70 | 11 17 42 Largest 2 | 2 2 2 Hottest 136 | 90 98 136 Shots Fired 138 | 22 34 82 Gun 72 | 22 12 38 Cannon 54 | . 14 40 Launcher 12 | . 8 4 Special . | . . . Kinetic 50 | . 12 38 Thermal 76 | 22 14 40 Explosive 12 | . 8 4 Electromagnetic . | . . . Robot Hit Streak 10 | 5 7 10 Robot Miss Streak 5 | 3 5 3 Penetration Max . | . . . Secondary Targets . | . . . Shots Hit Robots 65 | 12 9 44 Core Hits 50 | 7 20 23 Critical Kills . | . . . Critical Parts Destroyed . | . . . Critical Strikes 1 | 1 . . Burn 1 | 1 . . Melee Attacks . | . . . Impact . | . . . Slashing . | . . . Piercing . | . . . Sneak Attacks . | . . . Combat Hostiles . | . . . Follow-up Attacks . | . . . Damage Inflicted 1984 | 160 683 1141 Guns 469 | 160 47 262 Cannons 621 | . 102 519 Explosions 870 | . 534 336 Melee . | . . . Ramming 24 | . . 24 Kinetic 309 | . 47 262 Thermal 781 | 160 102 519 Explosive 870 | . 534 336 Electromagnetic . | . . . Impact . | . . . Slashing . | . . . Piercing . | . . . Highest Corruption 3 | . . 3 Average Corruption 2 | . . 2 Corruption Purged . | . . . Corruption Blocked . | . . . Effects 8 | . . 8 Message Errors 3 | . . 3 Matter Fused 1 | . . 1 Heat Flow Errors 2 | . . 2 Parts Rejected 1 | . . 1 Misfires 1 | . . 1 Overload Shots . | . . . Overflow Damage 39 | . 18 21 Projectiles 11 | . . 11 Explosions 28 | . 18 10 Melee . | . . . Knockbacks . | . . . Impact . | . . . Kinetic . | . . . Secondary . | . . . Self-Inflicted Damage 123 | . 70 53 Shots 4 | . 3 1 Rammed 3 | . . 3 Targets Rammed 3 | . . 3 Kicked . | . . . Crushed . | . . . Highest Temperature 460 | 120 144 460 Average Temperature 72 | 37 56 90 Received Heat Transfer 117 | . 18 99 Siege Activations . | . . . Martial Activations . | . . . Shielding Activations . | . . . Robots Disrupted . | . . . Combat Hostiles . | . . . Robots Corrupted . | . . . Combat Hostiles . | . . . Parts Fried . | . . . Impact Corruptions . | . . . Robots Melted . | . . . Combat Hostiles . | . . . Parts Melted . | . . . Heat Transferred 1606 | 496 185 925 Parts Sabotaged . | . . . Parts Stolen . | . . . Parts Stripped . | . . . Power Chain Reactions . | . . . Alert | -11 -10 -9 ------- Run | Yrd Mat Mat Maximum Alert Level 1 | . 1 . Low Security (%) 93 | 100 78 100 Level 1 6 | . 21 . Level 2 . | . . . Level 3 . | . . . Level 4 . | . . . Level 5 . | . . . High Security . | . . . Max Security . | . . . Peak Influence 254 | 10 254 149 Initial 98 | . . 98 Average 82 | 2 82 100 Influence Increases 822 | 30 358 434 Destroy 0b10 Robot/C 480 | . 200 280 Destroy 0b10 Robot/NC 90 | 30 30 30 Destroy Leader 94 | . 40 54 Successful Hack 17 | . . 17 Disable Machine 60 | . 45 15 Destroy Structure 66 | . 43 23 Lose Combat Pursuer 15 | . . 15 Influence Decreases 682 | 30 123 529 Entered New Map 137 | . . 137 Time Decay 545 | 30 123 392 Squads Dispatched 4 | . 1 3 Investigation . | . . . Extermination . | . . . Reinforcement 4 | . 1 3 Assault . | . . . Garrison . | . . . Intercept . | . . . Searches Triggered . | . . . Construction Impeded 1 | . . 1 Haulers Reinforced . | . . . Active Scanning Responses . | . . . Cargo Convoy Interrupts . | . . . Stealth | -11 -10 -9 --------- Run | Yrd Mat Mat Distress Signals . | . . . Communications Jammed . | . . . Distress Signals . | . . . Times Spotted 37 | . 15 22 Peak Tracking Total 5 | . 5 5 Tactical Retreats 1 | . . 1 Traps | -11 -10 -9 ------- Run | Yrd Mat Mat Traps Triggered 2 | . . 2 Indirectly . | . . . Trap Hack Attempts . | . . . Triggered . | . . . Disarmed . | . . . Reprogrammed . | . . . Reused . | . . . Traps Extracted . | . . . Installed . | . . . Triggered . | . . . Machines | -11 -10 -9 ---------- Run | Yrd Mat Mat Machines Disabled 5 | . 4 1 Max in Single Turn 1 | . 1 1 Machines Repaired . | . . . Machines Dismantled . | . . . Machines Sabotaged . | . . . Overloaded Fab Kills . | . . . Hacking | -11 -10 -9 --------- Run | Yrd Mat Mat Machines Accessed 9 | . 4 5 Terminals 8 | . 4 4 Fabricators . | . . . Repair Stations . | . . . Recycling Units . | . . . Scanalyzers 1 | . . 1 Garrison Access . | . . . Total Hacks 23 | . 10 13 Successful 10 | . 4 6 Failed 13 | . 6 7 Catastrophic 3 | . 1 2 Database Lockouts . | . . . Manual 15 | . 6 9 Terminals 21 | . 10 11 Fabricators . | . . . Repair Stations . | . . . Recycling Units . | . . . Scanalyzers 2 | . . 2 Garrison Access . | . . . Terminal Hacks 4 | . 3 1 Record 2 | . 2 . Robot Analysis 1 | . 1 . Zone Layout 1 | . . 1 Fabricator Hacks . | . . . Repair Station Hacks . | . . . Recycling Unit Hacks . | . . . Scanalyzer 2 | . . 2 Insert Component 1 | . . 1 Analyze 1 | . . 1 Garrison Access Hacks . | . . . Unauthorized Hacks 4 | . 1 3 Terminals 4 | . 1 3 Botnet 4 | . 1 3 Fabricators . | . . . Repair Stations . | . . . Recycling Units . | . . . Scanalyzers . | . . . Garrison Access . | . . . Data Cores Recovered 1 | . 1 . Used . | . . . Hacking Detections 7 | . 4 3 Full Trace Events 1 | . 1 . Feedback Events . | . . . Feedback Blocked . | . . . Robot Schematics Acquired . | . . . Robots Built . | . . . Authchips . | . . . Time . | . . . Total Robot Build Rating . | . . . Part Schematics Acquired 1 | . . 1 Parts Built . | . . . Authchips . | . . . Time . | . . . Total Part Build Rating . | . . . Parts Repaired . | . . . Time . | . . . Parts Recycled . | . . . Recycled Matter . | . . . Retrieved Matter . | . . . Retrieved Components . | . . . Parts Scanalyzed 1 | . . 1 Part Schematics Acquired 1 | . . 1 Parts Damaged 1 | . . 1 Bothacking | -11 -10 -9 ------------ Run | Yrd Mat Mat Used RIF Installer . | . . . Robots Hacked . | . . . Non-combat . | . . . Combat . | . . . Robot Hacks Applied . | . . . Relay Couplers Released . | . . . Fabnet Peak Effective % . | . . . Robots Rewired . | . . . Allies Hacked . | . . . Hacks Repelled . | . . . Allies | -11 -10 -9 -------- Run | Yrd Mat Mat Total Allies . | . . . Largest Group . | . . . Highest-Rated Group . | . . . Highest-Rated Ally . | . . . Total Orders . | . . . Ally Attacks . | . . . Total Damage . | . . . Kills . | . . . Allies Corrupted . | . . . Allies Melted . | . . . Intel | -11 -10 -9 ------- Run | Yrd Mat Mat Active Infowar (turns) 121 | . . 121 Seismic 121 | . . 121 Robot Analysis Total 1 | . 1 . Derelict Logs Recovered . | . . . Drone Launches . | . . . Drone Recoveries . | . . . Exploration | -11 -10 -9 ------------- Run | Yrd Mat Mat Turns Passed 1657 | 207 515 935 Spaces Moved 952 | 128 352 472 Core 1 | 1 . . Treads . | . . . Legs 639 | 109 352 178 Wheels 254 | 18 . 236 Hover . | . . . Flight 58 | . . 58 Fastest Speed 50 | 50 120 115 Average Speed 138 | 123 123 154 Slowest Speed 247 | 190 190 247 Overloaded Moves . | . . . Propulsion Burnouts . | . . . Robots Hopped . | . . . Potential Cave-ins . | . . . Cave-ins Triggered . | . . . Exploration Rate (%) 40 | 5 67 50 Regions Visited 2 Branch Regions . Pre-discovered Areas . | . . . Known Exits Taken . | . . . Unknown Exits Taken 2 | 1 1 . Scrap Searched . | . . . Spaces Dug 5 | . 5 . Terrain Destroyed 60 | . 42 18 Melee . | . . . Projectile . | . . . AOE 60 | . 42 18 Terrain Rammed . | . . . Walls Destroyed . | . . . Machines Disabled . | . . . Actions | -11 -10 -9 --------- Run | Yrd Mat Mat Total 1142 | 151 398 593 Wait 17 | . 2 15 Move 950 | 127 351 472 Hop . | . . . Pick Up 35 | 6 8 21 Fast Attach 8 | 6 1 1 Attach 7 | . 3 4 Detach 3 | . 1 2 Swap 30 | 1 8 21 Drop 19 | . 7 12 Fire 70 | 11 17 42 Melee . | . . . Ram 3 | . . 3 Kick . | . . . Crush . | . . . Escape Stasis . | . . . Rewire . | . . . Trap . | . . . Miscellaneous . | . . . Route ------- -11/Scrapyard -10/Materials (discovered 3 exits: *Mat x2 / [*Min]) -9/Materials (discovered 1 exit: [*Min]) History --------- Turn | Location | Event 41 | -11/Scrapyard | Discovered new exit (range 16) 208 | -11/Scrapyard | Entered Materials 313 | -10/Materials | Build established: Mutant 475 | -10/Materials | Discovered new exit (range 9) 612 | -10/Materials | Discovered new exit (range 10) 711 | -10/Materials | Discovered new exit (range 10) 723 | -10/Materials | Entered another Materials area 723 | -9/Materials | Evolved 2 slots: Propulsion x1, Utility x1 1264 | -9/Materials | Discovered new exit (range 14) 1658 | -9/Materials | Self-destructed Last Messages --------------- 01505_ Acquired Prototype Flight Unit. 01507_ Identified Imp. VTOL Module. 01509_ Acquired Imp. VTOL Module. 01511_ Dropped Aluminum Leg. 01514_ Acquired Imp. VTOL Module. 01517_ Dropped Aluminum Leg. 01523_ Acquired Adv. Targeting Computer. 01536_ Acquired Seismic Detector. 01546_ Acquired Prototype Flight Unit. 01547_ Identified Imp. Flight Unit. 01576_ U-05 Engineer works on Processing Tank. 01624_ Destroyed Heat Sink. 01625_ ALERT: Hostiles spotted, dispatching reinforcements to Terminal M004. 01633_ G-34 Mercenary destroyed. 01642_ L-31 Rogue destroyed. 01649_ Acquired 42 matter. 01652_ Dropped Imp. Ion Engine. 01656_ System corrupted: Heat flow error (+286). Map ----- +----------------------------------------------------+ | | | | | | | | | | | | | | | | | | | | | | | | | | | | | | | ??????????????????????????????##############?????? | | ??????????????????????????????# #?????? | | ??????????????????????????????# #?????? | | ??????????????????????????????# """ #?????? | | ??????????????????????######### """ #?????? | | ??????????????????????# + """ #?????? | | ??????????????????????# ####### " """ #?????? | | ??????????????????????# ####### """ """ #?????? | | ??????????????????????# # # ! #?????? | | ??????????????????????#!# # #?????? | | ??????????????##+######*#@""" # #?????? | | ??????? !%**+ """ # #?????? | | ??????? ####### """ # #?????? | | ????????????????????????#############+####### #??? | | ??????????????????????????# #??? | | ??????????????????????????# #??? | | ??????????????????????????# =!! +?? | | ??????????????????????????# ! ##?? | | ??????????????????????????# """ """ #??? | | ??????????????? #??# """ """ #??? | | ???????????????#########??# """ """ #??? | | ??????????????????????##### #??? | | ??????????????????????#!! #??? | | ??????????????????????# ! """ """ """ #??? | | ??????????????????????#!! """ """ """ ???? | | ??????????????????????#!! """ """ """ #??? | | ??????????????????????#== #??? | | ??????????????????????#== #??? | | ??????????????????????####### ####"T"#######???? | | ????????????????????????????# #??#"""#??#####?## | | ????????????????????????????# #??#####??# ! | | ????????????????????????????# #########?# | | ???????????????????????????## * ## #?# | | ???????????????????????????# =% # #?# """ "" | | ???????????????############# T # " " #?# """ "" | +----------------------------------------------------+ Best States ------------- Heat Dissipation 38 Energy Generation 12 Energy Capacity 265 Matter Stores 365 Matter Capacity 450 Sight Range 16 Terrain Scan Density 10 Armor Coverage 225 Evasion (%) 55 Item Schematics ----------------- Com. Wheel | -9/Materials | Scanalyzed Robot Schematics ------------------ None Fabricated ------------ Nothing Repaired ---------- Nothing Alien Tech Used ----------------- None Achievements -------------- None Challenges ------------ None Game ------ Seed ChipTerrabombEdition Manual? 0 Play Time 00:29:20 Cumulative 13.0 hours Start 2025.06.12 @ 16:27:45 End 2025.06.25 @ 15:26:54 Sessions 4 Manual Loads 0 Difficulty Rogue Special Mode None Game No. 35 Rogue 35 Adventurer 0 Explorer 0 Win Type - Total 0 Types 0/0/0/0/0/0/0/0/0/0 Lore% 10 Gallery% 17 Achievement% 15 Wizard Run 0 Options --------- Layout 2 ASCII 1 Keyboard 0 Movement Mouse Keybinds 0 Fullscreen 0 Font 20/Terminus Map View 50x44 Zoom Use 0% Tactical HUD 1 Map Filters NONE Filters NONE Steam 1 RUN: 7e661fd1-a972-46f0-8e41-a375f12fe96b